 Dungeon Crawl Stone Soup version 0.32-a0-699-g1ee5eff69a (webtiles) character file.

Game seed: 14585789080020726654

21 BeKind the Chiller (level 2, -1/17 HPs)
             Began as an Octopode Ice Elementalist on Mar 13, 2024.
             Was an Initiate of Hepliaklqana.
             Slain by a ribbon worm (4 damage)
             ... on level 2 of the Dungeon.
             The game lasted 00:01:37 (1056 turns).

BeKind the Chiller (Octopode Ice Elementalist)      Turns: 1056, Time: 00:01:38

Health: -1/17      AC:  1    Str:  7    XL:     2   Next: 83%
Magic:  1/5        EV:  6    Int: 17    God:    Hepliaklqana [......]
Gold:   15         SH:  0    Dex: 12    Spells: 3/5 levels left

rFire   . . .        (no weapon)
rCold   . . .        (no shield)
rNeg    . . .        (helmet restricted)
rPois   .            (no amulet)
rElec   .            (no ring)
rCorr   .            (no ring)
SInv    .            (no ring)
Will    .....        (no ring)
Stlth   +++          (no ring)
HPRegen 0.22/turn    (no ring)
MPRegen 0.09/turn    (no ring)
                     (no ring)

%: no passive effects
@: very slightly contaminated, held
A: almost no armour, amphibious, 8 rings, camouflage 1, gelatinous body 1,
(nimble swimmer 1), tentacles
a: Renounce Religion


You were on level 2 of the Dungeon.
You worshipped Hepliaklqana.
Hepliaklqana was noncommittal.
You visited 1 branch of the dungeon, and saw 2 of its levels.

You collected 15 gold pieces.

Inventory:

Jewellery
 f - an amulet of faith
Scrolls
 b - 2 scrolls of identify {unknown}
 d - a scroll of teleportation {unknown}
 e - 2 scrolls of blinking {unknown}
Potions
 a - a potion of magic
 c - a potion of might {unknown}


   Skills:
 + Level 2.3 Dodging
 - Level 2.8 Stealth
 + Level 2.2 Spellcasting
 - Level 4.0 Ice Magic
 * Level 1.3 Air Magic


You had 3 spell levels left.
You knew the following spells:

 Your Spells              Type           Power      Damage    Failure   Level
a - Freeze                Ice            60%        1d7       3%          1
b - Shock                 Conj/Air       16%        1d4       14%         1

Your spell library contained the following spells:

 Spells                   Type           Power      Damage    Failure   Level
 Frozen Ramparts          Ice            30%        1d5       11%         3
 Ozocubu's Armour         Ice            15%        N/A       11%         3
 Summon Ice Beast         Ice/Summ       8%         N/A       24%         3
 Swiftness                Air            6%         N/A       32%         3
 Airstrike                Air            3%         2d(1-17)  73%         4


Dungeon Overview and Level Annotations

Branches:
Dungeon (2/15)

Altars:
Hepliaklqana


Innate Abilities, Weirdness & Mutations

You cannot wear most types of armour.
You are amphibious.
You can wear up to eight rings at the same time.
Your skin changes colour to match your surroundings (Stealth+).
Your rubbery body absorbs attacks. (AC +1, EV +1)
((You are camouflaged when in or above water. (Stealth+)))
You have tentacles for arms and can constrict up to eight enemies at once.


Message History

You squeeze the giant cockroach.
You kill the giant cockroach!
Unknown command.
No target in view!
No target in view!
HP restored.
A ribbon worm comes into view.
The ribbon worm moves out of view.
Casting: Shock (safe; 14% risk of failure)
Confirm with . or Enter, or press ? or * to list all spells.
Aiming: Shock (safe; 14% risk of failure)
Press: ? - help, Shift-Dir - straight line, f - ribbon worm
Aim: a ribbon worm (88% to hit)
The zap hits the ribbon worm.
The ribbon worm is lightly wounded.
You can't see any susceptible monsters within range! (Use Z to cast anyway.)
The ribbon worm expels a string of sticky webbing.
The stream of webbing hits you but does no damage.
You are caught in a web!
There is a web here.
You miscast Freeze.
You are very lightly contaminated with residual magic.
Nothing appears to happen.
The ribbon worm bites you!
You freeze the ribbon worm.
The ribbon worm is lightly wounded.
The ribbon worm bites you.
* * * LOW HITPOINT WARNING * * *
You are too injured to fight recklessly!
You are too injured to fight recklessly!
You are too injured to fight recklessly!
Casting: Freeze (safe; 3% risk of failure)
Confirm with . or Enter, or press ? or * to list all spells.
Aiming: Freeze (safe; 3% risk of failure)
Press: ? - help, Shift-Dir - straight line, f/p - ribbon worm
Aim: a ribbon worm (lightly wounded)
You freeze the ribbon worm.
The ribbon worm is heavily wounded.
The ribbon worm bites you.
You die...
Hepliaklqana delivers you to your ancestors.

####### #..... ...# ##
#.... ...# .## ##..#
##..## ..####...##......
#...........##..#
..##.....#####..#
.####....†......###.###.
## ##.#.#####..@w......
#.#.......##...####
#.######### .### #+# .#
.. .# .# ## .# .+


You could see a ribbon worm.

Vanquished Creatures
  3 bats (D:1)
  An endoplasm (D:1)
  A giant cockroach (D:2)
  2 hobgoblins
  3 jackals (D:1)
  3 quokkas
  2 ball pythons
  A frilled lizard (D:1)
  3 rats (D:1)
19 creatures vanquished.

Notes
Turn   | Place    | Note
-------+----------+-------------------------------------------
     0 | D:1      | BeKind the Octopode Ice Elementalist began the quest for
                  | the Orb.
     0 | D:1      | Reached XP level 1. HP: 11/11 MP: 3/3
   112 | D:1      | Learned a level 1 spell: Shock
   323 | D:1      | Reached XP level 2. HP: 4/17 MP: 0/5
   505 | D:1      | Reached skill level 1 in Air Magic
   845 | D:2      | Found a hazy altar of Hepliaklqana.
   861 | D:2      | Became a worshipper of Hepliaklqana the Forgotten
  1056 | D:2      | Slain by a ribbon worm

Illustrated notes

Levels and vault maps discovered:
D:1:      dpeg_arrival_tiny_d, layout_basic, chequers_serial_rivers_small_b
D:2:      layout_loops_corners, shapermc_ecumenical_altar_rom_forum, basic_altar

Skill      XL: |  1  2 |
---------------+-------+-----
Air Magic      | 1 |  1.3
Dodging        | |  2.3
Stealth        | |  2.8
Spellcasting   | |  2.2
Ice Magic      | |  4.0

Action                     || total
---------------------------++-------
  Melee: Unarmed           ||    29
         Constrict         ||    10
         Tentacles         ||     8
   Cast: Shock             ||    26
         Freeze            ||     6
   Stab: Sleeping          ||     1
 Armour: Skin              ||    14
  Dodge: Dodged            ||    17

Table legend: (Time is in decaauts)
 A = Elapsed time spent in this place.
 B = Non-inter-level travel time spent in this place.
 C = Inter-level travel time spent in this place.
 D = Time resting spent in this place.
 E = Time spent auto-exploring this place.
 F = Levels seen in this place.
 G = Mean time per level.
                   A        B        C        D        E       F      G
               +--------+--------+--------+--------+--------+-----+--------+
         Total |   1055 |   1055 |      0 |      0 |    923 |   2 |  527.5 |
       Dungeon |   1055 |   1055 |      0 |      0 |    923 |   2 |  527.5 |
               +--------+--------+--------+--------+--------+-----+--------+

Top non-repeatable levels by time:
     D:1: 821 daAuts
     D:2: 234 daAuts
